 Dungeon Crawl Stone Soup version 0.31.0-9-g3a7656b989 (webtiles) character file.

Game seed: 15848005622841215028

1297 qw the Skirmisher (level 8, 0/46 HPs)
             Began as a Deep Elf Hunter on Feb 2, 2024.
             Slain by a two-headed ogre
             ... wielding a +0 giant club
              (9 damage)
             ... on level 6 of the Dungeon.
             The game lasted 00:00:17 (4012 turns).

qw the Skirmisher (Deep Elf Hunter)                 Turns: 4012, Time: 00:00:18

Health: 0/46       AC:  7    Str: 10    XL:     8   Next: 31%
Magic:  10/10      EV: 13    Int: 15    God:
Gold:   370        SH:  0    Dex: 24    Spells: 7/7 levels left

rFire   . . .        d - +6 arbalest (elec)
rCold   . . .        (shield currently unavailable)
rNeg    . . .        h - +0 ring mail
rPois   .            (no helmet)
rElec   .            g - +0 cloak
rCorr   .            (no gloves)
SInv    .            k - +0 pair of boots
Will    .....        (no amulet)
Stlth   ++           j - +6 ring of dexterity
HPRegen 0.27/turn    (no ring)
MPRegen 0.12/turn

%: no passive effects
@: about to teleport
A: no striking features
a: no special abilities


You were on level 6 of the Dungeon.
You visited 2 branches of the dungeon, and saw 7 of its levels.

You collected 370 gold pieces.


   Skills:
 - Level 3.2 Fighting
 + Level 12.1 Ranged Weapons
 - Level 1.2 Armour
 - Level 5.2 Dodging
 - Level 1.2 Stealth


You had 7 spell levels left.
You didn't know any spells.
Your spell library was empty.

Inventory:

Hand Weapons
 d - a +6 arbalest of electrocution (weapon)
Armour
 g - a +0 cloak (worn)
 h - a +0 ring mail (worn)
 k - a +0 pair of boots (worn)
Jewellery
 j - a +6 ring of dexterity (left hand)
Scrolls
 i - 2 scrolls of teleportation
Potions
 a - a potion of mutation {unknown}
 b - a potion of enlightenment
 c - a potion of might
 f - a potion of resistance {unknown}
 l - a potion of degeneration {unknown}
 m - a potion of haste {unknown}

Dungeon Overview and Level Annotations

Branches:
Dungeon (6/15)             Temple (1/1) D:4

Altars:
Ashenzari
Dithmenos
Fedhas
Gozag
Hepliaklqana
Kikubaaqudgha
Nemelex Xobeh
Qazlal
Sif Muna
Uskayaw
Vehumet
Zin
The Shining One

Annotations:
D:5 exclusion: moth of wrath


Message History

The acid dragon moves out of view.
Found a ring mail and a scroll labelled ZEMUEL XYITYSS.
Found four items.
A two-headed ogre comes into view. It is wielding two +0 giant clubs.
4006 ||| ZAPPING wand of quicksilver (1) at 1,-2 (two-headed ogre; floor).
Aiming: Quicksilver Bolt
Press: ? - help, Q - select action, (/) - cycle Shift-Dir - straight line, f - two-headed ogre The bolt of dispelling energy hits the acid dragon!
The acid dragon is severely wounded.
The bolt of dispelling energy hits the two-headed ogre!
The two-headed ogre is moderately wounded.
The now-empty wand crumbles to dust.
The acid dragon barely misses you.
The acid dragon claws you but does no damage.
You shoot a bolt.
The bolt closely misses the acid dragon.
The bolt hits the two-headed ogre!
The two-headed ogre is heavily wounded.
The acid dragon bites you. The acid dragon claws you.
The acid dragon bites you! The acid dragon claws you.
You shoot a bolt. The bolt hits the acid dragon.
The acid dragon is severely wounded.
The acid dragon bites you but does no damage.
The acid dragon closely misses you.
You shoot a bolt. The bolt hits the acid dragon!
You kill the acid dragon!
The two-headed ogre misses you.
The two-headed ogre completely misses you.
Your Dodging skill increases to level 5!
You shoot a bolt. The bolt hits the two-headed ogre!!
The two-headed ogre is almost dead.
The two-headed ogre hits you with a +0 giant club!!
The two-headed ogre barely misses you.
4011 ||| READING 3 scrolls of teleportation.
As you read the scroll of teleportation, it crumbles to dust.
You feel strangely unstable.
You shoot a bolt.
The bolt barely misses the two-headed ogre.
The two-headed ogre hits you with a +0 giant club!
You die...

##################
#?==#.....#.....#.
#.).#.....#..)..#. #[?
#..#..#..#..#. ##8.8##.
#O###..#..#..#..#. ~~#.#~~
#@.....#.....#.... #~#.#~#######
#......#.....#....
#~...~#.#...#####################
#~...~#..........................
#~...~##...###...................
#~~.~~##.### ####################
# #'###...# #.....#.... #
#.......# #.....#.... ###...##.##
#..#..#..#.


You could see a two-headed ogre.

Vanquished Creatures
  An acid dragon (D:6)
  A water moccasin (D:6)
  A black bear (D:4)
  An orc warrior (D:4)
  A phantom (D:6)
  2 scorpions
  A wight (D:6)
  4 killer bees (D:4)
  2 bombardier beetles (D:5)
  2 jellies
  3 hounds
  An orc priest (D:4)
  2 iguanas
  2 orc wizards
  6 adders
  A white imp (D:6)
  A ribbon worm (D:4)
  A dart slug (D:2)
  10 orcs
  11 endoplasms
  3 giant cockroaches
  6 goblins
  12 hobgoblins
  8 jackals
  3 quokkas
  5 ball pythons
  6 bats
  A frilled lizard (D:1)
  5 kobolds
  4 rats
107 creatures vanquished.

Notes
Turn   | Place    | Note
-------+----------+-------------------------------------------
     0 | D:1      | qw the Deep Elf Hunter began the quest for the Orb.
     0 | D:1      | Reached XP level 1. HP: 12/12 MP: 3/3
     0 | D:1      | 0 ||| qw: Version: 0.3-a-155-g5e7d8dd
     0 | D:1      | 0 ||| qw: Game counter: 2203
     0 | D:1      | 0 ||| qw: Melee chars always use a shield: true
     0 | D:1      | 0 ||| qw: God list: Okawaru
     0 | D:1      | 0 ||| qw: Allow faded altars: false
     0 | D:1      | 0 ||| qw: Do Orc after clearing Dungeon:15 true
     0 | D:1      | 0 ||| qw: Do second Lair branch before Depths: true
     0 | D:1      | 0 ||| qw: Lair rune preference: random
     0 | D:1      | 0 ||| qw: Goals: Normal
     0 | D:1      | 0 ||| PLANNING D:1-11
    36 | D:1      | 36 ||| DROPPING scroll of butterflies.
   106 | D:1      | Reached XP level 2. HP: 16/16 MP: 4/4
   109 | D:1      | Reached skill level 6 in Ranged Weapons
   312 | D:1      | You fall into a shaft and drop 1 floor!
   322 | D:2      | Identified the +0 chain mail "Tudgh" {rCorr}
   336 | D:2      | Reached XP level 3. HP: 20/20 MP: 5/5
   361 | D:2      | 361 ||| DRINKING 2 clear potions.
   767 | D:1      | 767 ||| UPGRADING to +0 scale mail.
   777 | D:1      | 777 ||| DROPPING +0 leather armour.
   778 | D:1      | 778 ||| READING scroll labelled KAEFEZX RUIN CID.
   818 | D:2      | 818 ||| FLEEEEING.
   846 | D:2      | Found a faded altar of an unknown god.
   956 | D:2      | Reached skill level 7 in Ranged Weapons
  1304 | D:2      | 1304 ||| UPGRADING to +0 ring mail.
  1314 | D:2      | 1314 ||| DROPPING +0 scale mail.
  1315 | D:2      | 1315 ||| READING scroll labelled VUREUTHRAAR.
  1316 | D:2      | 1316 ||| READING scroll labelled NARGHA UPOMIO.
  1316 | D:2      | 1316 ||| IDENTIFYING fizzy brown potion
  1317 | D:2      | 1317 ||| READING scroll labelled GEEMOI QION.
  1318 | D:2      | 1318 ||| READING scroll labelled GUFFUWNAMO.
  1321 | D:2      | 1321 ||| READING scroll labelled XISTOE BIGOR.
  1321 | D:2      | Identified a scroll of acquirement
  1321 | D:2      | 1321 ||| ACQUIRING +4 arbalest of electrocution
  1321 | D:2      | Acquired a +4 arbalest of electrocution
  1323 | D:2      | 1323 ||| SWAPPING to +4 arbalest of electrocution.
  1324 | D:2      | 1324 ||| DROPPING +0 shortbow.
  1325 | D:2      | 1325 ||| READING scroll labelled FUWUFITTIKHI.
  1428 | D:3      | Reached XP level 4. HP: 25/25 MP: 6/6
  1516 | D:3      | Found an ancient bone altar of Kikubaaqudgha.
  1685 | D:3      | Found an opulent altar of Gozag.
  1685 | D:3      | Found a glowing silver altar of Zin.
  1975 | D:3      | 1975 ||| UPGRADING to +6 ring of dexterity.
  1976 | D:3      | 1976 ||| READING 2 scrolls of identify.
  1976 | D:3      | 1976 ||| IDENTIFYING murky sapphire potion
  1977 | D:3      | 1977 ||| READING scroll of identify.
  1977 | D:3      | 1977 ||| IDENTIFYING brown potion
  1978 | D:3      | 1978 ||| READING scroll labelled PIVVAV CICHAO.
  2079 | D:3      | 2079 ||| DROPPING potion of berserk rage.
  2096 | D:4      | Noticed a scorpion
  2097 | D:4      | 2097 ||| ZAPPING wand of iceblast (4) at -5,4 (scorpion;
                  | floor).
  2098 | D:4      | 2098 ||| ZAPPING wand of iceblast (3) at -4,3 (scorpion;
                  | floor).
  2098 | D:4      | Killed a scorpion
  2099 | D:4      | Reached skill level 8 in Ranged Weapons
  2099 | D:4      | Reached XP level 5. HP: 29/29 MP: 7/7
  2151 | D:4      | Found a staircase to the Ecumenical Temple.
  2152 | D:4      | 2152 ||| PLANNING TEMPLE
  2161 | Temple   | Entered the Ecumenical Temple
  2162 | Temple   | 2162 ||| PLANNING D:1-11
  2293 | D:4      | Noticed an orc warrior
  2294 | D:4      | 2294 ||| ZAPPING wand of quicksilver (5) at -1,-5 (orc
                  | warrior; floor).
  2295 | D:4      | 2295 ||| ZAPPING wand of quicksilver (4) at -1,-4 (orc
                  | warrior; floor).
  2296 | D:4      | Reached skill level 3 in Dodging
  2296 | D:4      | 2296 ||| ZAPPING wand of iceblast (2) at -1,-3 (orc
                  | warrior; floor).
  2297 | D:4      | 2297 ||| ZAPPING wand of iceblast (1) at -1,-2 (orc
                  | warrior; floor).
  2297 | D:4      | Killed an orc warrior
  2298 | D:4      | Reached skill level 9 in Ranged Weapons
  2299 | D:4      | Reached XP level 6. HP: 34/34 MP: 8/8
  2456 | D:4      | HP: 7/35 [killer bee (4)]
  2457 | D:4      | 2457 ||| READING 3 scrolls of teleportation.
  2458 | D:4      | HP: 3/35 [poisoned by a killer bee]
  2460 | D:4      | 2460 ||| DRINKING potion of curing.
  2460 | D:4      | 2460 ||| (to cure poison)
  2634 | D:4      | 2634 ||| ZAPPING wand of quicksilver (3) at -1,1 (black
                  | bear; floor).
  2635 | D:4      | 2635 ||| ZAPPING wand of quicksilver (2) at -1,1 (black
                  | bear; floor).
  2636 | D:4      | Reached skill level 10 in Ranged Weapons
  2645 | D:4      | Reached XP level 7. HP: 33/40 MP: 9/9
  2876 | D:4      | 2876 ||| UPGRADING to +0 cloak.
  2881 | D:4      | 2881 ||| UPGRADING to +0 pair of boots.
  2886 | D:4      | 2886 ||| READING scroll labelled NAVIOT QEMEMO.
  2886 | D:4      | 2886 ||| ENCHANTING +4 arbalest of electrocution.
  2915 | D:5      | Entered Level 5 of the Dungeon
  2933 | D:5      | Noticed a moth of wrath
  2982 | D:5      | Reached skill level 1 in Armour
  3070 | D:5      | 3070 ||| READING scroll of enchant weapon.
  3070 | D:5      | 3070 ||| ENCHANTING +5 arbalest of electrocution.
  3295 | D:5      | Reached skill level 11 in Ranged Weapons
  3476 | D:5      | Found a shadowy altar of Dithmenos.
  3601 | D:5      | 3601 ||| READING scroll labelled MUANIR PEDYHE.
  3603 | D:5      | 3603 ||| Stepping ~*~*~tactically~*~*~ (cloud).
  3738 | D:6      | 3738 ||| FLEEEEING.
  3739 | D:6      | 3739 ||| FLEEEEING.
  3740 | D:6      | 3740 ||| FLEEEEING.
  3741 | D:6      | 3741 ||| FLEEEEING.
  3742 | D:6      | 3742 ||| FLEEEEING.
  3743 | D:6      | 3743 ||| FLEEEEING.
  3744 | D:6      | 3744 ||| FLEEEEING.
  3745 | D:6      | 3745 ||| FLEEEEING.
  3746 | D:6      | 3746 ||| FLEEEEING.
  3749 | D:6      | 3749 ||| FLEEEEING.
  3863 | D:6      | 3863 ||| FLEEEEING.
  3864 | D:6      | 3864 ||| FLEEEEING.
  3900 | D:6      | Reached skill level 12 in Ranged Weapons
  3900 | D:6      | Reached XP level 8. HP: 21/44 MP: 10/10
  3971 | D:6      | Reached skill level 3 in Fighting
  4005 | D:6      | Noticed a two-headed ogre
  4006 | D:6      | 4006 ||| ZAPPING wand of quicksilver (1) at 1,-2
                  | (two-headed ogre; floor).
  4010 | D:6      | HP: 8/46 [two-headed ogre/+0 giant club (19)]
  4011 | D:6      | 4011 ||| READING 3 scrolls of teleportation.
  4012 | D:6      | Slain by a two-headed ogre

Levels and vault maps discovered:
D:1:      amcnicky_arrival_double_pillar, layout_loops_cross,
          nicolae_concentric_dashed_squares_wild,
          hangedman_abyss_or_decor_stabs, minmay_misc_feat_encased
D:2:      layout_rooms, hellmonk_ecumenical_altar_heavens_door
D:3:      layout_basic, grunt_temple_overflow_gold_and_silver,
          mainiacjoe_overflow_24_doors
D:4:      layout_loops_ring, minmay_temple_entry_tees
D:5:      layout_loops_cross, kennysheep_little_box, tgw_trog,
          serial_bayou_lake_a
D:6:      kennysheep_windowed_halls, layout_cave_pools, old_standard_altar,
          grunt_ministairs_13, nrook_campfire, kennysheep_minor_cross,
          hangedman_decor_riveting, minivault_4
Temple:   hellmonk_temple_beads

Skill      XL: |  1  2  3  4  5  6  7  8 |
---------------+-------------------------+-----
Ranged Weapons | 6 7 8 9 10 12 | 12.1
Dodging        | 3 4 5 |  5.2
Fighting       | 2 3 |  3.2
Armour         | 1 |  1.2
Stealth        | |  1.2

Action                     |  1- 3 |  4- 6 |  7- 9 || total
---------------------------+-------+-------+-------++-------
   Fire: Shortbow          |   136 |       |       ||   136
         Arbalest          |     5 |    53 |    62 ||   120
  Evoke: Wand              |       |     8 |     1 ||     9
    Use: Scroll            |     7 |     4 |     4 ||    15
         Potion            |     1 |     1 |       ||     2
 Armour: Leather armour    |    20 |       |       ||    20
         Scale mail        |    19 |       |       ||    19
         Ring mail         |       |    31 |    29 ||    60
  Dodge: Dodged            |    31 |    16 |    36 ||    83

Table legend:
 A = Non-vault XP
 B = Vault XP
 C = Vault XP percentage of total XP
 D = Non-vault monster count
 E = Vault monster count
 F = Vault count percentage of total count
                 A         B        C        D         E       F
            +---------+---------+-------+---------+---------+-------
      Total |    1419 |     434 |  23.4 |     100 |       7 |   6.5
            +---------+---------+-------+---------+---------+-------
        D:1 |      35 |       0 |   0.0 |      22 |       0 |   0.0
        D:2 |      53 |       0 |   0.0 |      17 |       0 |   0.0
        D:3 |      32 |       0 |   0.0 |      12 |       0 |   0.0
        D:4 |     748 |       0 |   0.0 |      29 |       0 |   0.0
        D:5 |     258 |       0 |   0.0 |      17 |       0 |   0.0
        D:6 |     293 |     434 |  59.7 |       3 |       7 |  70.0
            +---------+---------+-------+---------+---------+-------
